 Dungeon Crawl Stone Soup version 0.29-a0-1052-g6990b1bffc (webtiles) character file.

Game seed: 14001463479017080807

7 Keybladegaming the Trooper (level 1, 0/18 HPs)
             Began as a Demonspawn Abyssal Knight on Aug 17, 2022.
             Was a Believer of Lugonu.
             Slain by a frilled lizard (1 damage)
             ... on level 2 of the Dungeon.
             The game lasted 00:07:32 (425 turns).

Keybladegaming the Trooper (DsAK)                    Turns: 425, Time: 00:07:33

Health: 0/18       AC:  3    Str: 13    XL:     1   Next: 83%
Magic:  2/2        EV: 11    Int: 11    God:    Lugonu [**....]
Gold:   0          SH:  0    Dex: 13    Spells: 0/0 levels left

rFire   . . .      SeeInvis .   d - +0 whip
rCold   . . .      Faith    .   (no shield)
rNeg    . . .      Spirit   .   b - +0 leather armour
rPois   .          Reflect  .   (no helmet)
rElec   .          Harm     .   (no cloak)
rCorr   .          Rampage  .   (no gloves)
Will    .....                   (no boots)
Stlth   +.........              (no amulet)
HPRegen 0.06/turn               (no ring)
MPRegen 0.08/turn               (no ring)

@: no status effects
A: no striking features
a: Renounce Religion, Depart the Abyss, Bend Space


You were on level 2 of the Dungeon.
You worshipped Lugonu.
Lugonu was pleased with you.
You visited 1 branch of the dungeon, and saw 2 of its levels.
You visited the Abyss 1 time.

Inventory:

Hand Weapons
 a - a +1 short sword
 c - a +0 club
 d - a +0 whip (weapon)
Armour
 b - a +0 leather armour (worn)
Potions
 e - a potion of lignification {unknown}


   Skills:
 + Level 3.1 Fighting
 + Level 1.9 Short Blades
 + Level 2.0 Armour
 + Level 0.8 Dodging
 + Level 2.5 Invocations


You couldn't memorise any spells.
You didn't know any spells.
Your spell library was empty.

Dungeon Overview and Level Annotations

Branches:
Dungeon (2/15)

Altars:


Message History

Press: ? - help, v - describe, . - travel
Here: a rat The floor.
Press: ? - help, v - describe, . - travel A stone staircase leading down.
You climb downwards.
Found a fuming golden potion.
There is a stone staircase leading up here.
A frilled lizard comes into view. 2 gnolls and a worm come into view.
Found a scroll labelled YVOMASMAYN.
The gnoll shouts!
The frilled lizard hisses angrily.
The gnoll shouts!
Found a stone staircase leading up.
Found an escape hatch in the floor.
The gnoll closely misses you. The frilled lizard barely misses you.
You see here a fuming golden potion.
e - a fuming golden potion The frilled lizard closely misses you.
The worm bites you!
Ouch! That really hurt!
The frilled lizard bites you but does no damage.
The worm bites you.
* * * LOW HITPOINT WARNING * * *
Found 4 gold pieces.
There is an escape hatch in the floor here.
Found 6 poisoned darts.
The frilled lizard closely misses you. The gnoll attacks as you move away!
The gnoll completely misses you. The frilled lizard closely misses you.
Found a fizzy ruby potion.
The gnoll hits you but does no damage. The gnoll attacks as you move away!
The gnoll hits you but does no damage. The gnoll attacks as you move away!
The gnoll hits you with a +0 club.
* * * LOW HITPOINT WARNING * * *
Found 8 gold pieces.
The frilled lizard hisses.
The frilled lizard bites you.
* * * LOW HITPOINT WARNING * * *
Unknown command.
The frilled lizard attacks as you move away!
The frilled lizard bites you.
You die...

#!.. #### #... #..
#... #.# # #...
#####.## .# #.$.
#...<..# .
.###...##.###..#.#
........g......#.#
$..(...@g.?.....#
........l......##
.###...##w##.#..#
#... #.g....#..#
#... ####.###..#
..... #.# .#
#.#... #.# <#
#.#... ... # .##


You could see a worm, 3 gnolls and a frilled lizard.

Vanquished Creatures
  An endoplasm (D:1)
  A goblin (D:1)
  A hobgoblin (D:1)
  A quokka (D:1)
  A bat (D:1)
  A frilled lizard (D:1)
6 creatures vanquished.

Notes
Turn   | Place    | Note
-------+----------+-------------------------------------------
     0 | Abyss:1  | Keybladegaming the Demonspawn Abyssal Knight began the
                  | quest for the Orb.
     0 | Abyss:1  | Reached XP level 1. HP: 18/18 MP: 2/2
   137 | Abyss:1  | Found a corrupted altar of Lugonu.
   176 | D:1      | Escaped the Abyss
   425 | D:2      | Slain by a frilled lizard

Illustrated notes

Levels and vault maps discovered:
D:1:      heliophobic_arrival_henge, layout_basic, minivault_25
D:2:      layout_loops_cross

Skill      XL: |  1 |
---------------+----+-----
Armour         | 2 |  2.0
Fighting       | |  3.1
Short Blades   | |  1.9
Dodging        | |  0.8
Invocations    | |  2.5

Action                   || total
-------------------------++-------
Melee: Whip              ||    21
       Short sword       ||     6
Invok: Depart the Abyss  ||     1
Armor: Leather armour    ||    16
Dodge: Dodged            ||    45

Table legend: (Time is in decaauts)
 A = Elapsed time spent in this place.
 B = Non-inter-level travel time spent in this place.
 C = Inter-level travel time spent in this place.
 D = Time resting spent in this place.
 E = Time spent auto-exploring this place.
 F = Levels seen in this place.
 G = Mean time per level.
                   A        B        C        D        E       F      G
               +--------+--------+--------+--------+--------+-----+--------+
         Total |    426 |    426 |      0 |      0 |     46 |   3 |  142.0 |
       Dungeon |    250 |    250 |      0 |      0 |     46 |   2 |  125.0 |
         Abyss |    176 |    176 |      0 |      0 |      0 |   1 |  176.0 |
               +--------+--------+--------+--------+--------+-----+--------+

Top non-repeatable levels by time:
     D:1: 230 daAuts
 Abyss:1: 176 daAuts
     D:2: 19 daAuts
